 Dungeon Crawl Stone Soup version 0.31-a0-210-gccc998df9b (webtiles) character file.

Game seed: 15502290115374887663

95 qw the Shooter (level 4, -2/26 HPs)
             Began as a Gargoyle Hexslinger on June 29, 2023.
             Killed by divine providence
             ... invoked by an orc priest
              (12 damage)
             ... on level 2 of the Dungeon.
             The game lasted 00:00:36 (1635 turns).

qw the Shooter (Gargoyle Hexslinger)                Turns: 1635, Time: 00:00:36

Health: -2/26      AC: 10    Str: 10 (11) XL:     4   Next: 65%
Magic:  5/5        EV: 10    Int: 15 (17) God:
Gold:   193        SH:  0    Dex: 12 (14) Spells: 4/5 levels left

rFire   + . .        Y - +1 sling
rCold   + . .        (no shield)
rNeg    + . .        g - +0 ring mail
rPois   inf          e - +1 helmet {Int+3}
rElec   +            d - scarf {rC+ rF+}
rCorr   .            (no gloves)
SInv    .            (no boots)
Will    .....        (no amulet)
Stlth   +            (no ring)
HPRegen 0.24/turn    (no ring)
MPRegen 0.09/turn

%: no passive effects
@: no status effects
A: sickness immunity, AC +3, negative energy resistance 1, electricity
resistance, torment resistance 1, petrification resistance
a: no special abilities


You were on level 2 of the Dungeon.
You visited 1 branch of the dungeon, and saw 3 of its levels.

You collected 193 gold pieces.


Innate Abilities, Weirdness & Mutations

You are immune to sickness and miasma.
Your stone body is resilient. (AC +3)
You are immune to poison.
You resist negative energy. (rN+)
You are resistant to electric shocks. (rElec)
You are resistant to unholy torment.
You are immune to petrification.


   Skills:
 - Level 2.0 Fighting
 + Level 4.2 Ranged Weapons
 - Level 1.1 Armour
 - Level 1.5 Dodging
 - Level 1.0 Spellcasting
 - Level 2.6 Hexes


You had 4 spell levels left.
You knew the following spells:

 Your Spells              Type           Power      Damage    Failure   Level
a - Slow                  Hex            32%        N/A       21%         1

Your spell library contained the following spells:

 Spells                   Type           Power      Damage    Failure   Level
 Inner Flame              Hex/Fire       4%         N/A       71%         3
 Portal Projectile        Hex/Tloc       8%         N/A       71%         3
 Cause Fear               Hex            4%         N/A       90%         4

Inventory:

Hand Weapons
 Y - a +1 sling (weapon)
Armour
 d - a scarf of resistance (worn)
 e - a +1 helmet of intelligence (worn)
 g - a +0 ring mail (worn)
Scrolls
 a - a scroll of identify
Potions
 b - a potion of heal wounds {unknown}
 h - a potion of curing {unknown}
 i - a potion of experience {unknown}

Dungeon Overview and Level Annotations

Branches:
Dungeon (3/15)

Altars:


Message History

The orc priest looks satisfied for a moment.
The orc misses you.
The orc priest looks encouraged for a moment.
The orc hits you but does no damage.
You shoot a sling bullet. The sling bullet hits the orc priest.
The orc priest is heavily wounded.
The orc priest hits you with a +0 club. The orc barely misses you.
1627 ||| STAIRDANCE A nearby plant withers and dies.
The orc priest barely misses you. The orc hits you but does no damage.
You climb upwards.
There is a stone staircase leading down here.
You shoot a sling bullet.
The sling bullet barely misses the orc priest.
The orc priest barely misses you. The orc closely misses you.
You shoot a sling bullet. The sling bullet hits the orc priest.
The orc priest is heavily wounded.
The orc priest closely misses you. The orc barely misses you.
The orc priest hits you with a +0 club. The orc barely misses you.
You shoot a sling bullet.
The sling bullet closely misses the orc priest.
The orc priest barely misses you. The orc barely misses you.
You shoot a sling bullet. The sling bullet hits the orc priest.
The orc priest is severely wounded.
The orc priest barely misses you. The orc hits you but does no damage.
You shoot a sling bullet.
The sling bullet barely misses the orc priest.
The orc priest invokes the aid of Beogh against you.
Pain shoots through your body! The orc hits you with a +0 falchion.
The orc priest hits you but does no damage.
The orc hits you with a +0 falchion.
You shoot a sling bullet.
The sling bullet closely misses the orc priest.
The orc priest calls down the wrath of Beogh upon you.
Pain shoots through your body! The orc barely misses you.
You shoot a sling bullet.
The sling bullet barely misses the orc priest.
The orc priest invokes the aid of Beogh against you.
Beogh smites you!
You die...

#........# #........####
#....).......
####........####
##......#....#
#..##############
##.############...
#oo##....!...##...
#@###.######.##<.. #.# #.#
#.##... #.# #.# #.##... #.#
#.# ###.##...
################.# #.#
#......##
#................# #.#
#.#...##
#.##############.###.#
#.#...# #.#
#......#.........# #.#...#
#.#
#.#...........#..####.....#


You could see an orc priest and an orc.

Vanquished Creatures
  An orc priest (D:3)
  Robin (D:2)
  3 worms (D:2)
  A dart slug (D:2)
  A giant cockroach (D:2)
  14 goblins
  5 hobgoblins
  8 kobolds
  A quokka (D:1)
  2 bats (D:1)
  2 frilled lizards
  2 rats (D:1)
41 creatures vanquished.

Notes
Turn   | Place    | Note
-------+----------+-------------------------------------------
     0 | D:1      | qw the Gargoyle Hexslinger began the quest for the Orb.
     0 | D:1      | Reached XP level 1. HP: 12/12 MP: 2/2
     0 | D:1      | 0 ||| qw: Version: 0.3-a-24-g62f9e04
     0 | D:1      | 0 ||| qw: Game counter: 6732
     0 | D:1      | 0 ||| qw: Melee chars always use a shield: true
     0 | D:1      | 0 ||| qw: God list: Okawaru
     0 | D:1      | 0 ||| qw: Allow faded altars: false
     0 | D:1      | 0 ||| qw: Do Orc after clearing Dungeon:15 true
     0 | D:1      | 0 ||| qw: Do second Lair branch before Depths: true
     0 | D:1      | 0 ||| qw: Lair rune preference: random
     0 | D:1      | 0 ||| qw: Goals: Normal
     0 | D:1      | 0 ||| PLANNING D:1-11
   166 | D:1      | Reached XP level 2. HP: 16/16 MP: 3/3
   307 | D:1      | Reached skill level 3 in Ranged Weapons
   589 | D:1      | 589 ||| UPGRADING to +1 helmet of intelligence.
   594 | D:1      | 594 ||| UPGRADING to +0 ring mail.
   604 | D:1      | 604 ||| DROPPING +0 robe.
   605 | D:1      | 605 ||| READING 2 scrolls labelled UPSEAVENEO.
   606 | D:1      | 606 ||| DROPPING scroll of poison.
   739 | D:2      | Reached XP level 3. HP: 21/21 MP: 4/4
   748 | D:2      | 748 ||| Stepping ~*~*~tactically~*~*~ (outnumbered).
   750 | D:2      | 750 ||| Stepping ~*~*~tactically~*~*~ (outnumbered).
   752 | D:2      | 752 ||| Stepping ~*~*~tactically~*~*~ (outnumbered).
   949 | D:2      | Reached skill level 1 in Armour
   999 | D:2      | Noticed Robin
  1014 | D:2      | HP: 2/21 [goblin/+0 dagger[Robin] (5)]
  1015 | D:2      | Killed Robin
  1016 | D:2      | Reached XP level 4. HP: 2/26 MP: 5/5
  1382 | D:2      | Found a faded altar of an unknown god.
  1584 | D:2      | 1584 ||| UPGRADING to scarf of resistance.
  1589 | D:2      | 1589 ||| READING scroll labelled OSETTO BUUSANA.
  1590 | D:2      | 1590 ||| READING scroll labelled ZABEKHO WENA KYO.
  1594 | D:2      | 1594 ||| DRINKING 3 sedimented blue potions.
  1595 | D:2      | 1595 ||| DROPPING 2 potions of degeneration.
  1622 | D:3      | Reached skill level 4 in Ranged Weapons
  1627 | D:3      | 1627 ||| STAIRDANCE
  1635 | D:2      | Killed from afar by an orc priest

Levels and vault maps discovered:
D:1:      amcnicky_arrival_flooded_fountain, layout_basic,
          dreamdust_princess_bridge
D:2:      layout_basic, shapermc_ecumenical_altar_mp_ritualfount,
          uniq_crazy_yiuf_cottage, uniq_robin
D:3:      layout_basic, amcnicky_altar_gilded, tso_oasis_becter,
          nicolae_dithmenos_the_darkroom, uniq_grinder

Skill      XL: |  1  2  3  4 |
---------------+-------------+-----
Ranged Weapons | 3 4 |  4.2
Fighting       | 2 |  2.0
Armour         | 1 |  1.1
Dodging        | |  1.5
Spellcasting   | |  1.0
Hexes          | |  2.6

Action                     |  1- 3 |  4- 6 || total
---------------------------+-------+-------++-------
   Fire: Sling             |   119 |    27 ||   146
    Use: Scroll            |     1 |     2 ||     3
         Potion            |       |     1 ||     1
 Armour: Robe              |     4 |       ||     4
         Ring mail         |    28 |     4 ||    32
  Dodge: Dodged            |    46 |    13 ||    59

Table legend:
 A = Non-vault XP
 B = Vault XP
 C = Vault XP percentage of total XP
 D = Non-vault monster count
 E = Vault monster count
 F = Vault count percentage of total count
                 A         B        C        D         E       F
            +---------+---------+-------+---------+---------+-------
      Total |     100 |      36 |  26.5 |      29 |      12 |  29.3
            +---------+---------+-------+---------+---------+-------
        D:1 |      30 |       0 |   0.0 |      19 |       0 |   0.0
        D:2 |      27 |      36 |  57.1 |       9 |      12 |  57.1
        D:3 |      43 |       0 |   0.0 |       1 |       0 |   0.0
            +---------+---------+-------+---------+---------+-------
